 Dungeon Crawl Stone Soup version bcrawl-1.27.1d (webtiles) character file.

Game seed: 4332129797615868522

101509 Niddhogr the Stinger (level 2, 19/19 HPs)
             Began as a Demonspawn Venom Mage on July 17, 2020.
             Quit the game on level 1 of the Dungeon.
             The game lasted 00:00:37 (145 turns).

Niddhogr the Stinger (Demonspawn Venom Mage)         Turns: 145, Time: 00:00:37

Health: 19/19      AC:  2    Str:  8    XL:     2   Next: 0%
Magic:  3/5        EV: 12    Int: 16    God:
Gold:   36         SH:  0    Dex: 13    Spells: 4/5 levels left

rFire    . . .     SeeInvis .   g - +0 dagger
rCold    . . .     Gourm    .   (no shield)
rNeg     . . .     Faith    .   a - +0 robe
rPois    .         Spirit   .   (no helmet)
rElec    .         Reflect  .   (no cloak)
rCorr    .         Harm     .   (no gloves)
MR       .....                  (no boots)
Stlth    ++........             (no amulet)
HPRegen  0.06/turn              (no ring)
MPRegen  0.09/turn              (no ring)

@: no status effects
A: claws 1
a: no special abilities


You were on level 1 of the Dungeon.
You were not hungry.

You visited 1 branch of the dungeon, and saw 1 of its levels.

You collected 36 gold pieces.

Inventory:

Hand Weapons
 g - a +0 dagger (weapon)
Armour
 a - a +0 robe (worn)
Scrolls
 f - a scroll of fear {unknown}
 i - a scroll of identify
Potions
 c - a potion of berserk rage {!q}
 d - a potion of degeneration {!q}
 h - a potion of mutation {unknown}
Comestibles
 b - 9 chunks of flesh
 e - a ration {!d}


   Skills:
 - Level 1.7 Dodging
 - Level 2.0 Stealth
 - Level 2.0 Spellcasting
 - Level 1.0 Conjurations
 + Level 3.5 Poison Magic


You had 4 spell levels left.
You knew the following spells:

 Your Spells              Type           Power        Failure   Level  Hunger
a - Sting                 Conj/Pois      #...         9%          1    None

Your spell library contained the following spells:

 Spells                   Type           Power        Failure   Level  Hunger
 Poisonous Vapours        Pois/Air       #.....       16%         2    ##.....
 Ignite Poison            Fire/Tmut/Pois #.......     36%         3    ####...
 Olgreb's Toxic Radiance  Pois           ##.......    43%         4    ######.
 Summon Scorpions         Summ/Pois      #.......     69%         4    ######.
 Venom Bolt               Conj/Pois      #.........   92%         5    #######


Dungeon Overview and Level Annotations

Branches:
Dungeon (1/12)

Altars:


Innate Abilities, Weirdness & Mutations

You have sharp fingernails.


Message History

You see here a scroll of identify.
Aim: a bat The sting hits the bat.
The bat is poisoned.
You kill the bat!
You now have 2/3 mp.
i - a scroll of identify MP restored: 3 You butcher the bat corpse.
b - 9 chunks of flesh (gained 1)
You see here a bat skeleton. x2
h - a fizzy coppery potion A goblin comes into view.
Aim: a goblin (resting)
The sting hits the goblin.
The goblin is poisoned.
You kill the goblin!
You have reached level 2!
You feel monstrous as your demonic heritage exerts itself.
Your demonic ancestry asserts itself...
Your fingernails lengthen.
Health restored: 19

### ### #.. ..###
#.######...#
#.....##...## #..##
#..$## ##.#.###$##...##
###
#####..##÷##†...@..##
##.#
......####.######...#
#..#
###..........÷......#
#..#
###÷#######...#####.###
#..# ......# ###...#
#...###..# ####..#
#$...##.#####.#...##
...##+# #....
#....##.#.#.# ....
##... ####.##.#.#.#
.... ##.> #........#


There were no monsters in sight!

Levels and vault maps discovered:
D:1:      dpeg_arrival_water_temple_mockup, layout_rooms, minmay_cut_off

Notes
Turn   | Place    | Note
-------+----------+-------------------------------------------
     0 | D:1      | Niddhogr the Demonspawn Venom Mage began the quest for the
                  | Orb.
     0 | D:1      | Reached XP level 1. HP: 13/13 MP: 3/3
    68 | D:1      | Identified a +0 dagger
   109 | D:1      | Identified a scroll of identify
   144 | D:1      | Gained mutation: You have sharp fingernails. [demonic
                  | ancestry]
   144 | D:1      | Reached XP level 2. HP: 19/19 MP: 3/5
   145 | D:1      | Quit the game

Table legend:
 A = Turns spent in this place as a percentage of turns spent in the entire game.
 B = Non-inter-level travel turns spent in this place as a percentage of non-inter-level travel turns spent in the entire game.
 C = Inter-level travel turns spent in this place as a percentage of turns spent in this place.
 D = Turns resting spent in this place as a percentage of non-inter-level travel turns spent in this place.
 E = Turns spent auto-exploring this place as a percentage of non-inter-level travel turns spent in this place.
 F = Non-inter-level travel turns spent in this place divided by the number of levels of this place that you've seen.
                   A       B       C       D       E      F
               +-------+-------+-------+-------+-------+----------------------
         Total | 100.0 | 100.0 |   0.0 |   0.0 |  81.4 | 145.0
       Dungeon | 100.0 | 100.0 |   0.0 |   0.0 |  81.4 | 145.0
               +-------+-------+-------+-------+-------+----------------------

Table legend:
 A = Kills in this place as a percentage of kills in entire the game.
 B = Kills by you in this place as a percentage of kills by you in the entire game.
 C = Kills by friends in this place as a percentage of kills by friends in the entire game.
 D = Other kills in this place as a percentage of other kills in the entire game.
 E = Experience gained in this place as a percentage of experience gained in the entire game.
 F = Experience gained in this place divided by the number of levels of this place that you have seen.
                   A       B       C       D       E      F
               +-------+-------+-------+-------+-------+----------------------
         Total | 100.0 | 100.0 |   N/A |   N/A | 100.0 |  12.0
       Dungeon | 100.0 | 100.0 |   N/A |   N/A | 100.0 |  12.0
               +-------+-------+-------+-------+-------+----------------------

Action                   || total
-------------------------++-------
Melee: Unarmed           ||     1
 Cast: Sting             ||     8

Vanquished Creatures
  A leopard gecko (D:1)
  A giant cockroach (D:1)
  3 goblins (D:1)
  A bat (D:1)
6 creatures vanquished.
